 Dungeon Crawl Stone Soup version 0.19-a0-633-g93f72d7 (webtiles) character file.

16 Mlkhall the Digger (level 2, 0/16 HPs)
             Began as a Gargoyle Earth Elementalist on June 13, 2016.
             Slain by a kobold
             ... wielding a +2 whip of venom
              (4 damage)
             ... on level 1 of the Dungeon.
             The game lasted 00:03:18 (636 turns).

Mlkhall the Digger (Gargoyle Earth Elementalist)     Turns: 636, Time: 00:03:19

Health: 0/16       AC:  4    Str: 11    XL:     2   Next: 54%
Magic:  5/5        EV: 12    Int: 15    God:
Gold:   2          SH:  0    Dex: 10    Spells: 1 memorised, 4 levels left

rFire  . . .     SeeInvis .     (no weapon)
rCold  . . .     Gourm    .     c - +0 robe
rNeg   + . .     Faith    .     (no shield)
rPois  ∞         Spirit   .     (no helmet)
rElec  +         Dismiss  .     (no cloak)
rCorr  .         Reflect  .     (no gloves)
SustAt .         Harm     .     (no boots)
MR     .....                    (no amulet)
Stlth  ++........               (no ring)
                                (no ring)

@: not resistant to hostile enchantments, unstealthy
A: negative energy resistance 1, electricity resistance, unbreathing,
petrification resistance, rot immunity, AC +2
a: no special abilities


You were on level 1 of the Dungeon.
You were not hungry.

You visited 1 branch of the dungeon, and saw 1 of its levels.

You collected 2 gold pieces.

Inventory:

Missiles
 b - 20 stones (quivered)
Armour
 c - a +0 robe (worn)
Scrolls
 a - a scroll of amnesia {unknown}
Books
 e - a book of Geomancy

   Spells                             Type                      Level
   a - Sandblast                      Earth                        1
   b - Passwall                       Transmutation/Earth          2
   c - Stone Arrow                    Conjuration/Earth            3
   d - Petrify                        Transmutation/Earth          4
   e - Lee's Rapid Deconstruction     Earth                        5
Comestibles
 d - a bread ration


   Skills:
 + Level 1.0 Fighting
 - Level 1.5 Dodging
 - Level 2.1 Stealth
 * Level 2.3 Spellcasting
   Level 0.7 Transmutations
 + Level 3.9 Earth Magic


You had 4 spell levels left.
You knew the following spells:

 Your Spells              Type           Power        Failure   Level  Hunger
a - Sandblast             Erth           ##....       4%          1    #......


Dungeon Overview and Level Annotations

Branches:
Dungeon (1/15)

Altars:


Innate Abilities, Weirdness & Mutations

You are resistant to torment.
Your stone body is resilient. (AC +2)
You are immune to poison.
You resist negative energy. (rN+)
You are resistant to electric shocks. (rElec)
You can survive without breathing.
You are immune to petrification.
You are immune to rotting.


Message History

The dart slug is heavily wounded.
The dart slug bites you but does no damage.
The kobold hits you with a whip of venom.
You hit the dart slug.
The dart slug is severely wounded.
The kobold hits you with a whip of venom.
The dart slug launches a dart at you. The slug dart hits you!
* * * LOW HITPOINT WARNING * * *
You hit the dart slug.
The dart slug is almost dead.
The kobold barely misses you.
You hit the dart slug but do no damage.
The dart slug is almost dead.
The dart slug barely misses you. The kobold closely misses you.
You hit the dart slug.
You kill the dart slug!
Your Fighting skill increases to level 1!
The kobold hits you with a whip of venom.
You die...

..#.# #.# #.
..#..# #..#. #.
#...[# #....# #.
#....g .....# #.
#.....##(....#.#
#.
#....#)[#...)#.#
#. #..#....#..#..#
#.
#.#K.....#.#..##
#) #@gr...(.#....#
#.
#..##....##...#.
#.
##...####...###.#
#. ##.......#.#
..##. #.#####...#
#.##.
#.#######.####.##.
#..............##.
####............
#..........#.


You could see a hobgoblin, a kobold and a rat.

Vanquished Creatures
  2 dart slugs (D:1)
  2 bats (D:1)
  A giant cockroach (D:1)
  2 goblins (D:1)
  A hobgoblin (D:1)
  3 rats (D:1)
11 creatures vanquished.

Notes
Turn   | Place    | Note
--------------------------------------------------------------
     0 | D:1      | Mlkhall the Gargoyle Earth Elementalist began the quest for the Orb.
     0 | D:1      | Reached XP level 1. HP: 10/10 MP: 3/3
   243 | D:1      | Reached XP level 2. HP: 16/16 MP: 5/5
   636 | D:1      | Reached skill level 1 in Fighting
   636 | D:1      | Slain by a kobold

Vault maps used:
D:1:      lightli_arrival_maybe_door_vault, minmay_circled_x

Skill      XL: |  1  2 |
---------------+-------+-----
Fighting       | 1 |  1.0
Dodging        | |  1.5
Stealth        | |  2.1
Spellcasting   | |  2.3
Transmutations | |  0.7
Earth Magic    | |  3.9

Action                   || total
-------------------------++-------
Melee: Unarmed           ||    66
 Cast: Sandblast         ||     1
 Stab: Sleeping          ||     2
Armor: Robe              ||    21
Dodge: Dodged            ||    60
